 Dungeon Crawl Stone Soup version 0.18-a0-1180-g64ccc1e (webtiles) character file.

1743 kae the Martial Artist (level 8, -3/58 HPs)
             Began as a Demonspawn Monk on Jan 27, 2016.
             Was a Priest of Makhleb.
             Killed from afar by a smoke demon (12 damage)
             ... with a ball of steam
             ... summoned by the player character
             ... on level 6 of the Dungeon.
             The game lasted 00:08:51 (4920 turns).

kae the Martial Artist (Demonspawn Monk)            Turns: 4920, Time: 00:08:51

Health: -3/58      AC: 12    Str: 12    XL:     8   Next: 77%
Magic:  11/11      EV: 16    Int: 11    God:    Makhleb [***...]
Gold:   41         SH:  0    Dex: 16    Spells: 0 memorised, 7 levels left

rFire  . . .     SeeInvis .       - Unarmed
rCold  . . .     Gourm    .     a - +1 robe
rNeg   . . .     Faith    .     (no shield)
rPois  +         Spirit   .     (helmet restricted)
rElec  .         Dismiss  .     d - +1 cloak {rPois}
rCorr  +         Reflect  .     (no gloves)
SustAt .         Harm     .     (no boots)
MR     .....                    o - amulet of regeneration
Stlth  ++........               h - +3 ring of evasion
                                g - ring of resist corrosion

@: not resistant to hostile enchantments, unstealthy
A: horns 1, rough black scales 2, spiny 1
a: Minor Destruction, Lesser Servant of Makhleb, Renounce Religion


You were on level 6 of the Dungeon.
You worshipped Makhleb.
Makhleb was most pleased with you.
You were very hungry.

You visited 1 branch of the dungeon, and saw 6 of its levels.
You also visited: Sewer.

You collected 305 gold pieces.
You spent 264 gold pieces at shops.

Inventory:

Armour
 a - a +1 robe (worn)
 d - a +1 cloak of poison resistance (worn)
Jewellery
 g - a ring of resist corrosion (left hand)
 h - a +3 ring of evasion (right hand)
 o - an amulet of regeneration (around neck)
 q - an uncursed amulet of the gourmand
 w - an uncursed amulet of magic regeneration
Wands
 v - a wand of slowing (29/48)
Scrolls
 m - 2 scrolls of amnesia
 p - a scroll of remove curse
 t - 2 scrolls of magic mapping
 x - a scroll of recharging
 y - 3 scrolls of identify
 z - 2 scrolls of immolation {unknown}
 A - 2 scrolls of teleportation
Potions
 e - a potion of flight
 k - a potion of heal wounds
 l - 5 potions of curing
 n - a potion of brilliance
 r - a potion of might
 u - a potion of agility {unknown}
Books
 f - a book of the Warp

   Spells                             Type                      Level
   a - Recall                         Summoning/Translocation      3
   b - Gell's Gravitas                Hexes/Translocation          3
   c - Force Lance                    Conjuration/Translocation    4
   d - Phase Shift                    Translocation                5
   e - Warp Weapon                    Charms/Translocation         5
   f - Summon Forest                  Summoning/Translocation      5
 s - a book of Summonings

   Spells                             Type                      Level
   a - Recall                         Summoning/Translocation      3
   b - Aura of Abjuration             Summoning                    5
   c - Summon Demon                   Summoning                    5
   d - Summon Forest                  Summoning/Translocation      5
   e - Summon Mana Viper              Hexes/Summoning              5
   f - Shadow Creatures               Summoning                    6
Comestibles
 b - 8 bread rations
 c - a meat ration
 i - 2 beef jerkies
 j - a slice of pizza
 B - a royal jelly


   Skills:
 - Level 3.0 Fighting
 - Level 2.6 Dodging
 - Level 1.7 Stealth
 + Level 10.3 Unarmed Combat
 - Level 5.0 Invocations


You had 7 spell levels left.
You didn't know any spells.

Dungeon Overview and Level Annotations

Branches:
Dungeon (6/15)             Temple (0/1) D:4

Altars:
Ashenzari
Cheibriados
Dithmenos
Makhleb
Nemelex Xobeh
Okawaru
Pakellas
Qazlal
Sif Muna
Yredelemnul

Shops:
D:5 [?}


Innate Abilities, Weirdness & Mutations

You have a pair of small horns on your head.
You are mostly covered in rough black scales (AC +7, Dex -2).
You are partially covered in sharp spines.


Message History

Unknown command.
You punch the smoke demon!
The smoke demon is almost dead.
You are covered in liquid flames!
The gnoll hits you with a club.
The smoke demon is struck by your spines.
The smoke demon hits you. The smoke demon closely misses you. x2
Unknown command.
You are covered in liquid flames!
A demon appears!
You feel slightly more hungry.
You are covered in liquid flames!
* * * LOW HITPOINT WARNING * * *
The smoke demon hits you but does no damage.
The smoke demon closely misses you. The smoke demon misses you.
Unknown command.
You are covered in liquid flames!
* * * LOW HITPOINT WARNING * * *
The smoke demon gestures at you. The ball of steam hits you!
You die...

###### ###....###
###........###
..........@ยง.#
###..##..4##3##
#..#.....#..# .##
#....._....g......
...##
#..#.....#..>..)..
.....#
##.##.?.##...#####
......##
#..........##
.......####[......###
........#.....##....


You could see a smoke demon and a friendly orange demon.

Vanquished Creatures
  Pikel (D:5)
  Grinder (D:5)
  Eustachio (D:5)
  4 slaves (D:5)
  A sky beast (D:5)
  A centaur (D:5)
  A crocodile (Sewer)
  Blork the orc (D:5)
  A gnoll sergeant (D:5)
  A vampire bat (D:5)
  A crimson imp (D:5)
  A jelly (D:6)
  An orc priest (D:4)
  3 orc wizards
  6 worker ants (D:5)
  6 gnolls
  7 adders
  2 river rats (D:4)
  An adder zombie (D:5)
  A worm (D:4)
  3 fire bats (D:5)
  2 giant geckos
  8 orcs
  2 spectral bats (D:5)
  3 bat skeletons (D:5)
  A bat zombie (D:5)
  6 giant cockroaches
  9 goblins
  4 hobgoblins
  4 jackals
  12 kobolds
  3 quokkas
  6 ball pythons
  A ball python skeleton (D:5)
  17 bats
  A bat simulacrum (D:5)
  3 giant newts
  A quokka zombie (D:5)
  17 rats
145 creatures vanquished.

Vanquished Creatures (others)
  A bat (D:5)
1 creature vanquished.

Grand Total: 146 creatures vanquished

Notes
Turn   | Place    | Note
--------------------------------------------------------------
     0 | D:1      | kae the Demonspawn Monk began the quest for the Orb.
     0 | D:1      | Reached XP level 1. HP: 18/18 MP: 1/1
   246 | D:1      | Reached skill level 4 in Unarmed Combat
   260 | D:1      | Gained mutation: You are partially covered in rough black scales (AC +4, Dex -1). [demonic ancestry]
   260 | D:1      | Reached XP level 2. HP: 22/24 MP: 2/2
   837 | D:1      | Gained mutation: You are partially covered in sharp spines. [demonic ancestry]
   837 | D:1      | Reached XP level 3. HP: 18/29 MP: 3/3
  1367 | D:2      | Reached skill level 5 in Unarmed Combat
  1474 | D:2      | Reached XP level 4. HP: 35/35 MP: 4/4
  1932 | D:3      | Found a basalt altar of Yredelemnul.
  2440 | D:3      | Found a burning altar of Makhleb.
  2441 | D:3      | Found a stormy altar of Qazlal.
  2442 | D:3      | Found an iron altar of Okawaru.
  2444 | D:3      | Found a sparkling altar of Nemelex Xobeh.
  2445 | D:3      | Found a shadowy altar of Dithmenos.
  2448 | D:3      | Became a worshipper of Makhleb the Destroyer
  2448 | D:3      | Reached * piety under Makhleb
  2448 | D:3      | Reached ** piety under Makhleb
  2790 | D:4      | Reached XP level 5. HP: 16/41 MP: 5/5
  2791 | D:4      | Reached skill level 6 in Unarmed Combat
  2979 | D:4      | Found a staircase to the Ecumenical Temple.
  3158 | D:4      | Found a glowing drain.
  3166 | Sewer    | Entered a sewer
  3214 | Sewer    | Noticed a crocodile
  3234 | Sewer    | Killed a crocodile
  3234 | Sewer    | Gained mutation: You have a pair of small horns on your head. [demonic ancestry]
  3234 | Sewer    | Reached XP level 6. HP: 20/47 MP: 6/6
  3626 | D:5      | Entered Level 5 of the Dungeon
  3653 | D:5      | Reached skill level 7 in Unarmed Combat
  3926 | D:5      | Gained mutation: You are mostly covered in rough black scales (AC +7, Dex -2). [demonic ancestry]
  3926 | D:5      | Reached XP level 7. HP: 43/52 MP: 7/7
  3965 | D:5      | Noticed Blork the orc
  3975 | D:5      | Killed Blork the orc
  3975 | D:5      | Reached skill level 8 in Unarmed Combat
  4006 | D:5      | Noticed Eustachio
  4033 | D:5      | Killed Eustachio
  4033 | D:5      | Reached *** piety under Makhleb
  4090 | D:5      | Noticed Pikel
  4095 | D:5      | Paralysed by Pikel for 4 turns
  4107 | D:5      | Paralysed by Pikel for 6 turns
  4116 | D:5      | Paralysed by Pikel for 5 turns
  4123 | D:5      | Killed Pikel
  4123 | D:5      | Reached skill level 9 in Unarmed Combat
  4123 | D:5      | Reached XP level 8. HP: 50/58 MP: 8/8
  4165 | D:5      | Found Sebbiex's Antique Armour Shop.
  4181 | D:5      | Bought a runed cloak for 144 gold pieces
  4249 | D:5      | Found Sonacrav's Gadget Shop.
  4255 | D:5      | Noticed Grinder
  4260 | D:5      | Paralysed by Grinder for 5 turns
  4274 | D:5      | Killed Grinder
  4274 | D:5      | Reached skill level 10 in Unarmed Combat
  4455 | D:5      | Found a shattered altar of Ashenzari.
  4461 | D:5      | Found a deep blue altar of Sif Muna.
  4463 | D:5      | Found an oddly glowing altar of Pakellas.
  4735 | D:5      | Found Ammeth's Magic Scroll Shoppe.
  4738 | D:5      | Bought 2 scrolls of teleportation for 72 gold pieces
  4738 | D:5      | Bought a scroll of identify for 24 gold pieces
  4738 | D:5      | Bought a scroll of identify for 24 gold pieces
  4790 | D:5      | Reached **** piety under Makhleb
  4849 | D:6      | Found a snail-covered altar of Cheibriados.
  4887 | D:6      | Found an iron altar of Okawaru.
  4891 | D:6      | Reached skill level 5 in Invocations
  4908 | D:6      | Noticed a smoke demon
  4920 | D:6      | Killed from afar by a smoke demon

Vault maps used:
D:1:      dpeg_cavernosity
D:2:      bh_walls_and_bars
D:3:      yredelemnul_altar_generic, grunt_temple_overflow_open,
          serial_bayou_pond_e
D:4:      minmay_temple_entry_junction, first_bread, portal_sewer_entry_e
D:5:      minitemple, serial_shops, nicolae_shop_trees,
          nicolae_shop_behind_doors, nicolae_shop_trees, goddamned_bats,
          uniq_grinder, uniq_pikel, uniq_eustachio, uniq_blork_the_orc
D:6:      trog_eyes_of_draining, cheibrodos_worm_habitat, basic_altar,
          serial_shops, shop, okawaru_gym_becter, uniq_crazy_yiuf_cottage
Sewer:    sewer_the_crocodile

Action                   |  1- 3 |  4- 6 |  7- 9 || total
-------------------------+-------+-------+-------++-------
Melee: Unarmed           |   122 |   118 |   129 ||   369
Invok: Lesser Servant of |       |       |     2 ||     2
  Use: Scroll            |     6 |    10 |       ||    16
       Potion            |       |     2 |     2 ||     4
 Stab: Sleeping          |     6 |     7 |     5 ||    18
  Eat: Chunk             |     2 |     8 |     2 ||    12
